NWL (28 & UNDER)
BISMARK BORDER GUARDS @ MENLO MANIACS
05/07/2030
 
TOP OF THE 1ST
Bismark Border Guards batting - Pitching for Menlo Maniacs : RHP Juan Caballero
Pitching: RHP Juan Caballero
Batting: RHB Alfredo Farías 0-0: Ball
1-0: Ball
2-0: Fly out, F8 (Flyball, 8RM)
Batting: RHB Warren Martin 0-0: Called Strike
0-1: Ball
1-1: Foul Ball, location: 2F
1-2: Ball
2-2: Foul Ball, location: 2F
2-2: Ball
3-2: Base on Balls
Batting: RHB Sergio Solíz 0-0: Ball
1-0: SINGLE (Line Drive, 4MD)
Warren Martin to second
Batting: LHB Alan Moore 0-0: Called Strike
0-1: Ball
1-1: Ball
2-1: Ball
Wild Pitch!
Warren Martin to third
Sergio Solíz to second
3-1: Base on Balls
Batting: RHB Leonard Harris 0-0: Ball
1-0: Ball
2-0: Called Strike
2-1: Ball
3-1: Base on Balls
Warren Martin scores
Sergio Solíz to third
Alan Moore to second
Batting: RHB Danny Spode 0-0: Called Strike
0-1: Ball
1-1: Ball
2-1: SINGLE (Groundball, 6MD)
Sergio Solíz scores
Alan Moore to third
Leonard Harris to second
Batting: LHB Kelsey Scott 0-0: Foul Ball, location: 2F
0-1: Ball
1-1: Ball
2-1: Ball
3-1: Base on Balls
Alan Moore scores
Leonard Harris to third
Danny Spode to second
Batting: RHB Rodrigo García 0-0: Called Strike
0-1: GRAND SLAM HOME RUN (Flyball, 7LD), Distance : 363 ft
Batting: RHB José Vidal 0-0: SINGLE (Groundball, 6D)
Batting: RHB Alfredo Farías 0-0: Called Strike
0-1: Ball
1-1: Grounds into double play, 4-6-3 (Groundball, 4)
Top of the 1st over - 7 runs, 4 hits, 0 errors, 0 left on base; Bismark 7 - Menlo 0
BOTTOM OF THE 1ST
Menlo Maniacs batting - Pitching for Bismark Border Guards : RHP Michael Morris
Pitching: RHP Michael Morris
Batting: RHB José Luján 0-0: Called Strike
0-1: Ball
1-1: Foul Ball, location: 2F
1-2: DOUBLE (Flyball, 78D)
Batting: RHB William Rogers 0-0: Ball
1-0: Swinging Strike
1-1: Foul Ball, location: 2F
1-2: Ball
2-2: Foul Ball, location: 2F
2-2: Foul Ball, location: 2F
2-2: Ball
3-2: Foul Ball, location: 2F
3-2: Foul Ball, location: 2F
3-2: Base on Balls
Batting: RHB Clinton Barton 0-0: Called Strike
0-1: Called Strike
0-2: Strikes out swinging
Batting: RHB Bob Fitzgerald 0-0: Called Strike
José Luján steals 3rd base
William Rogers to second
0-1: Swinging Strike
0-2: Ball
1-2: Foul Ball, location: 2F
1-2: Foul Ball, location: 2F
1-2: Ball
2-2: Ground out 4-3 (Groundball, 4)
José Luján scores
William Rogers to third
Batting: LHB Robby Lawson 0-0: Foul Ball, location: 2F
0-1: Foul Ball, location: 2F
0-2: Ball
1-2: Strikes out swinging
Bottom of the 1st over - 1 run, 1 hit, 0 errors, 1 left on base; Bismark 7 - Menlo 1
TOP OF THE 2ND
Bismark Border Guards batting - Pitching for Menlo Maniacs : RHP Juan Caballero
Batting: RHB Warren Martin 0-0: Foul Ball, location: 2F
0-1: Ground out 4-3 (Groundball, 4)
Batting: RHB Sergio Solíz 0-0: SINGLE (Line Drive, 6MD)
Batting: LHB Alan Moore 0-0: Ball
1-0: Ball
2-0: Ball
3-0: Swinging Strike
3-1: Base on Balls
Sergio Solíz to second
Batting: RHB Leonard Harris 0-0: Ball
1-0: Ball
2-0: Called Strike
2-1: Swinging Strike
2-2: Grounds into double play, 4-6-3 (Groundball, 4)
Top of the 2nd over - 0 runs, 1 hit, 0 errors, 1 left on base; Bismark 7 - Menlo 1
BOTTOM OF THE 2ND
Menlo Maniacs batting - Pitching for Bismark Border Guards : RHP Michael Morris
Batting: RHB Joe Smith 0-0: Called Strike
0-1: Foul Ball, location: 2F
0-2: Strikes out looking
Batting: RHB Carlos Villagrama 0-0: Ball
1-0: Ball
2-0: Ball
3-0: Base on Balls
Batting: RHB Miguel González 0-0: Ball
1-0: Ball
2-0: Foul Ball, location: 2F
2-1: Ball
3-1: Fly out, F7 (Flyball, 7)
Batting: RHB Dani Torres 0-0: Foul Ball, location: 2F
0-1: Ball
1-1: Swinging Strike
1-2: Strikes out swinging
Bottom of the 2nd over - 0 runs, 0 hits, 0 errors, 1 left on base; Bismark 7 - Menlo 1
TOP OF THE 3RD
Bismark Border Guards batting - Pitching for Menlo Maniacs : RHP Juan Caballero
Batting: RHB Danny Spode 0-0: Ball
1-0: Fly out, F8 (Flyball, 8LM)
Batting: LHB Kelsey Scott 0-0: Ball
1-0: Foul Ball, location: 2F
1-1: Ground out 3-1 (Groundball, 34S)
Batting: RHB Rodrigo García 0-0: Ball
1-0: Ground out 6-3 (Groundball, 6)
Top of the 3rd over - 0 runs, 0 hits, 0 errors, 0 left on base; Bismark 7 - Menlo 1
BOTTOM OF THE 3RD
Menlo Maniacs batting - Pitching for Bismark Border Guards : RHP Michael Morris
Batting: RHB José Luján 0-0: Called Strike
0-1: Ball
1-1: Ball
2-1: Fly out, F9 (Flyball, 9)
Batting: RHB William Rogers 0-0: Ball
1-0: Ball
2-0: Foul Ball, location: 2F
2-1: Ball
3-1: Foul Ball, location: 2F
3-2: Base on Balls
Batting: RHB Clinton Barton 0-0: Called Strike
0-1: Ball
William Rogers steals 2nd base
1-1: Foul Ball, location: 2F
1-2: Strikes out swinging
Batting: RHB Bob Fitzgerald 0-0: Called Strike
0-1: Called Strike
0-2: Strikes out swinging
Bottom of the 3rd over - 0 runs, 0 hits, 0 errors, 1 left on base; Bismark 7 - Menlo 1
TOP OF THE 4TH
Bismark Border Guards batting - Pitching for Menlo Maniacs : RHP Juan Caballero
Batting: RHB José Vidal 0-0: Foul Ball, location: 2F
0-1: Ball
1-1: Ball
2-1: Foul Ball, location: 2F
2-2: Fly out, F8 (Flyball, 8LS)
Batting: RHB Alfredo Farías 0-0: Ground out 5-3 (Groundball, 56S)
Batting: RHB Warren Martin 0-0: Ball
1-0: Ball
2-0: Foul Ball, location: 2F
2-1: Ball
3-1: SINGLE (Groundball, 56D)
Batting: RHB Sergio Solíz 0-0: Ball
1-0: Called Strike
1-1: Ball
2-1: Ball
3-1: Base on Balls
Warren Martin to second
Batting: LHB Alan Moore 0-0: Fly out, F7 (Flyball, 7S)
Top of the 4th over - 0 runs, 1 hit, 0 errors, 2 left on base; Bismark 7 - Menlo 1
BOTTOM OF THE 4TH
Menlo Maniacs batting - Pitching for Bismark Border Guards : RHP Michael Morris
Batting: LHB Robby Lawson 0-0: Ball
1-0: Ball
2-0: Ball
3-0: Base on Balls
Batting: RHB Joe Smith 0-0: Foul Ball, location: 2F
0-1: Ball
1-1: Foul Ball, location: 2F
1-2: Strikes out looking
Batting: RHB Carlos Villagrama 0-0: Called Strike
0-1: Ball
1-1: Swinging Strike
1-2: Ball
2-2: Ball
3-2: Fly out, F1 (Line Drive, 13)
Batting: RHB Miguel González 0-0: Called Strike
0-1: Called Strike
0-2: Ball
1-2: Foul Ball, location: 2F
1-2: Ball
2-2: Fielders Choice at 2nd, 5-4 (Groundball, 56)
Bottom of the 4th over - 0 runs, 0 hits, 0 errors, 1 left on base; Bismark 7 - Menlo 1
TOP OF THE 5TH
Bismark Border Guards batting - Pitching for Menlo Maniacs : RHP Juan Caballero
Batting: RHB Leonard Harris 0-0: Ball
1-0: Called Strike
1-1: Foul Ball, location: 2F
1-2: Fly out, F9 (Flyball, 89D)
Batting: RHB Danny Spode 0-0: Foul Ball, location: 2F
0-1: Ball
1-1: Swinging Strike
1-2: Ball
2-2: Ball
3-2: Foul Ball, location: 2F
3-2: Base on Balls
Batting: LHB Kelsey Scott 0-0: Called Strike
0-1: Fly out, F4 (Line Drive, 4)
Batting: RHB Rodrigo García 0-0: Ball
1-0: Called Strike
1-1: Called Strike
1-2: Strikes out swinging
Top of the 5th over - 0 runs, 0 hits, 0 errors, 1 left on base; Bismark 7 - Menlo 1
BOTTOM OF THE 5TH
Menlo Maniacs batting - Pitching for Bismark Border Guards : RHP Michael Morris
Batting: RHB Dani Torres 0-0: Called Strike
0-1: Swinging Strike
0-2: Foul Ball, location: 2F
0-2: Strikes out swinging
Batting: RHB José Luján 0-0: Called Strike
0-1: SINGLE (Groundball, 56D)
Batting: RHB William Rogers 0-0: Ball
José Luján is caught stealing 2nd base
1-0: Ball
2-0: Ball
3-0: Base on Balls
Batting: RHB Clinton Barton 0-0: Called Strike
William Rogers steals 2nd base
0-1: Fly out, F8 (Flyball, 8RS)
Bottom of the 5th over - 0 runs, 1 hit, 0 errors, 1 left on base; Bismark 7 - Menlo 1
TOP OF THE 6TH
Bismark Border Guards batting - Pitching for Menlo Maniacs : RHP Juan Caballero
Batting: RHB José Vidal 0-0: SINGLE (Line Drive, 78S)
Pitching: RHP Gerard Gustafson
Batting: RHB Alfredo Farías 0-0: Ball
1-0: SINGLE (Groundball, 5S) (infield hit)
José Vidal to second
Batting: RHB Warren Martin 0-0: DOUBLE (Flyball, 78XD)
José Vidal scores
Alfredo Farías to third
Batting: RHB Sergio Solíz 0-0: Swinging Strike
0-1: Ball
1-1: SINGLE (Line Drive, 8LS)
Alfredo Farías scores
Warren Martin to third
Batting: LHB Alan Moore 0-0: SINGLE (Line Drive, 89S)
Warren Martin scores
Sergio Solíz to second
Runner from 2nd tries for 3rd, SAFE, throw made to third
Batting: RHB Leonard Harris 0-0: Ball
1-0: Ball
2-0: Swinging Strike
2-1: Fly out, F7 (Flyball, 7LSF)
Runner from 3rd tags up, SCORES, no throw
Batting: RHB Danny Spode 0-0: Ball
1-0: Ball
2-0: Called Strike
2-1: Foul Ball, location: 2F
2-2: Strikes out swinging
Batting: LHB Kelsey Scott 0-0: Foul Ball, location: 2F
0-1: Foul Ball, location: 2F
0-2: Ball
1-2: Ball
2-2: Foul Ball, location: 2F
2-2: Ball
3-2: Base on Balls
Alan Moore to second
Batting: RHB Rodrigo García 0-0: Called Strike
0-1: Ball
1-1: Swinging Strike
1-2: Strikes out swinging
Top of the 6th over - 4 runs, 5 hits, 0 errors, 2 left on base; Bismark 11 - Menlo 1
BOTTOM OF THE 6TH
Menlo Maniacs batting - Pitching for Bismark Border Guards : RHP Michael Morris
Batting: RHB Bob Fitzgerald 0-0: Called Strike
0-1: Ball
1-1: Foul Ball, location: 2F
1-2: SINGLE (Line Drive, 4MD)
Batting: LHB Robby Lawson 0-0: Ball
1-0: Fly out, F7 (Flyball, 7S)
Batting: RHB Joe Smith 0-0: Foul Ball, location: 2F
0-1: Ball
1-1: Ball
2-1: Ball
3-1: Base on Balls
Bob Fitzgerald to second
Batting: RHB Carlos Villagrama 0-0: Foul Ball, location: 2F
0-1: Called Strike
0-2: Strikes out swinging
Batting: RHB Miguel González 0-0: Called Strike
0-1: Ball
1-1: Fly out, F8 (Flyball, 8LD)
Bottom of the 6th over - 0 runs, 1 hit, 0 errors, 2 left on base; Bismark 11 - Menlo 1
TOP OF THE 7TH
Bismark Border Guards batting - Pitching for Menlo Maniacs : RHP Gerard Gustafson
Batting: RHB José Vidal 0-0: Ball
1-0: Called Strike
1-1: DOUBLE (Groundball, 5L)
Batting: RHB Alfredo Farías 0-0: Called Strike
0-1: Ball
1-1: Called Strike
1-2: Ball
2-2: Ball
3-2: Foul Ball, location: 2F
3-2: Ground out 6-3 (Groundball, 6)
Batting: RHB Warren Martin 0-0: Ball
1-0: Fly out, F9 (Flyball, 89D)
Runner from 2nd tags up, SAFE at 3rd, no throw
Batting: RHB Sergio Solíz 0-0: Called Strike
0-1: Foul Ball, location: 2F
0-2: Ball
1-2: Ball
2-2: Strikes out swinging
Top of the 7th over - 0 runs, 1 hit, 0 errors, 1 left on base; Bismark 11 - Menlo 1
BOTTOM OF THE 7TH
Menlo Maniacs batting - Pitching for Bismark Border Guards : RHP Michael Morris
Batting: RHB Dani Torres 0-0: Ball
1-0: Fly out, F7 (Flyball, 7LM)
Batting: RHB José Luján 0-0: Foul Ball, location: 2F
0-1: Ball
1-1: Called Strike
1-2: Ball
2-2: Ball
3-2: Strikes out swinging
Batting: RHB William Rogers 0-0: Fly out, F3 (Popup, 3SF)
Bottom of the 7th over - 0 runs, 0 hits, 0 errors, 0 left on base; Bismark 11 - Menlo 1
TOP OF THE 8TH
Bismark Border Guards batting - Pitching for Menlo Maniacs : RHP Gerard Gustafson
Batting: LHB Alan Moore 0-0: Called Strike
0-1: Ball
1-1: Ball
2-1: SINGLE (Groundball, 34S) (infield hit)
Batting: RHB Leonard Harris 0-0: Foul Ball, location: 2F
0-1: Called Strike
0-2: Strikes out swinging
Batting: RHB Danny Spode Balk!
Alan Moore to second
0-0: Ball
1-0: Swinging Strike
1-1: Called Strike
1-2: Ball
2-2: Foul Ball, location: 2F
2-2: Foul Ball, location: 2F
2-2: SINGLE (Flyball, 78S)
Alan Moore to third
Batting: LHB Kelsey Scott 0-0: Ball
1-0: Swinging Strike
1-1: Ball
2-1: Ball
3-1: Swinging Strike
3-2: Base on Balls
Danny Spode to second
Batting: RHB Rodrigo García 0-0: Ball
1-0: Ball
2-0: Ball
3-0: Called Strike
3-1: SINGLE (Line Drive, 78S)
Alan Moore scores
Danny Spode to third
Kelsey Scott to second
Runner from 3rd tries for Home, SAFE, no throw
Pinch Hitting: LHB David Hernández 0-0: Ball
1-0: Called Strike
1-1: Ball
2-1: Ball
Kelsey Scott steals 3rd base
3-1: SINGLE (Groundball, 4MD)
Kelsey Scott scores
Rodrigo García to second
Pitching: LHP Marc Sizemore
Batting: RHB Alfredo Farías 0-0: Grounds into double play, 5-4-3 (Groundball, 56)
Top of the 8th over - 3 runs, 4 hits, 0 errors, 1 left on base; Bismark 14 - Menlo 1
BOTTOM OF THE 8TH
Menlo Maniacs batting - Pitching for Bismark Border Guards : RHP Michael Morris
Pitching: RHP Robert Alexander
Now at 3B: David Hernández
Now at SS: Manuel Pérez
Batting: RHB Clinton Barton 0-0: Ground out 6-3 (Groundball, 6)
Batting: RHB Bob Fitzgerald 0-0: Ball
1-0: Fly out, F8 (Flyball, 8LD)
Batting: LHB Robby Lawson 0-0: Swinging Strike
0-1: Called Strike
0-2: Ball
1-2: Ball
2-2: Fly out, F8 (Flyball, 8LXD)
Bottom of the 8th over - 0 runs, 0 hits, 0 errors, 0 left on base; Bismark 14 - Menlo 1
TOP OF THE 9TH
Bismark Border Guards batting - Pitching for Menlo Maniacs : LHP Marc Sizemore
Batting: RHB Warren Martin 0-0: Ball
1-0: Foul Ball, location: 2F
1-1: Swinging Strike
1-2: Ball
2-2: Fly out, F7 (Flyball, 7S)
Batting: RHB Sergio Solíz 0-0: Called Strike
0-1: Ball
1-1: SINGLE (Flyball, 8LS)
Batting: LHB Alan Moore 0-0: Ball
1-0: Foul Ball, location: 2F
1-1: Ball
2-1: Ball
3-1: Base on Balls
Sergio Solíz to second
Batting: RHB Leonard Harris 0-0: Ball
1-0: Ball
2-0: Ball
3-0: Base on Balls
Sergio Solíz to third
Alan Moore to second
Batting: RHB Danny Spode 0-0: Fly out, F9 (Flyball, 89S)
Runner from 3rd tags up, SCORES, no throw
Batting: LHB Manuel Pérez 0-0: Ball
1-0: Called Strike
1-1: Ball
2-1: SINGLE (Groundball, 34D)
Alan Moore to third
Leonard Harris to second
Runner from 3rd tries for Home, SAFE, throw made home
Batting: RHB Rodrigo García 0-0: Ball
1-0: Fly out, F9 (Flyball, 89D)
Top of the 9th over - 2 runs, 2 hits, 0 errors, 2 left on base; Bismark 16 - Menlo 1
BOTTOM OF THE 9TH
Menlo Maniacs batting - Pitching for Bismark Border Guards : RHP Robert Alexander
Now at 1B: António Martínez
Now in LF: Oliver Sánchez
Batting: RHB Joe Smith 0-0: Ball
1-0: Ball
2-0: Foul Ball, location: 2F
2-1: Foul Ball, location: 2F
2-2: Strikes out swinging
Pinch Hitting: RHB José Méndez 0-0: Foul Ball, location: 2F
0-1: Ball
1-1: Swinging Strike
1-2: Foul Ball, location: 2F
1-2: SOLO HOME RUN (Flyball, 7LD), Distance : 345 ft
Batting: RHB Miguel González 0-0: Called Strike
0-1: Swinging Strike
0-2: Strikes out swinging
Batting: RHB Dani Torres 0-0: Ball
1-0: Ball
2-0: SINGLE (Groundball, 4MD)
Batting: RHB José Luján 0-0: Foul Ball, location: 2F
0-1: Foul Ball, location: 2F
0-2: Ball
1-2: Fly out, F8 (Flyball, 8RD)
Bottom of the 9th over - 1 run, 2 hits, 0 errors, 1 left on base; Bismark 16 - Menlo 2
Saturday, April 7th, 2018 - OOTP Baseball 18.8 Build 76